 Dungeon Crawl Stone Soup version 0.18-a0-1626-g65af6d3 (webtiles) character file.

20921 namelastname112 the Slicer (level 12, -6/106 HPs)
             Began as a White Draconian Berserker on Mar 24, 2016.
             Was a High Priest of Trog.
             Mangled by a centaur zombie (10 damage)
             ... on level 13 of the Dungeon.
             The game lasted 00:18:19 (14754 turns).

namelastname112 the Slicer (DrBe)                  Turns: 14754, Time: 00:18:20

Health: -6/106     AC: 12    Str: 23    XL:     12   Next: 49%
Magic:  12/12      EV: 17    Int:  8    God:    Trog [*****.]
Gold:   695        SH:  6    Dex: 14    Spells: 0 memorised, 11 levels left

rFire  . . .     SeeInvis .     e - +5 scimitar (elec)
rCold  + . .     Gourm    .     (armour unavailable)
rNeg   . . .     Faith    .     a - +1 buckler
rPois  .         Spirit   .     (helmet restricted)
rElec  .         Dismiss  .     j - +0 cloak
rCorr  .         Reflect  .     (no gloves)
SustAt .         Harm     +     (no boots)
MR     .....                    U - amulet of harm
Stlth  +++++.....               S - +3 ring of protection
                                k - ring of stealth

@: not resistant to hostile enchantments, quite stealthy
A: breathe frost, unfitting armour, cold resistance 1, slow regeneration 1,
strong 1, cold-blooded, subdued magic 1, AC +8
a: Breathe Frost, Berserk, Trog's Hand, Brothers in Arms, Burn Spellbooks,
Renounce Religion


You were on level 13 of the Dungeon.
You worshipped Trog.
Trog was extremely pleased with you.
You were not hungry.

You visited 1 branch of the dungeon, and saw 13 of its levels.
You also visited: Bailey.

You collected 695 gold pieces.

Inventory:

Hand Weapons
 e - a +5 scimitar of electrocution (weapon)
 w - a +2 dagger of venom
Missiles
 D - 2 throwing nets (quivered)
Armour
 a - a +1 buckler (worn)
 j - a +0 cloak (worn)
Jewellery
 k - a ring of stealth (left hand)
 q - a +3 amulet of reflection
 y - a +4 ring of intelligence
 z - an uncursed ring of resist corrosion
 N - an uncursed ring of ice
 S - a +3 ring of protection (right hand)
 U - an amulet of harm (around neck)
Wands
 c - a wand of polymorph (18/24)
 h - a wand of heal wounds (5/9)
 v - a wand of hasting (9/9)
 x - a wand of polymorph (16/24)
 G - a wand of iceblast (2/15)
 H - a wand of polymorph (9/24)
 I - a wand of iceblast (8/15)
Scrolls
 f - a scroll of enchant armour
 g - 9 scrolls of teleportation
 n - 3 scrolls of remove curse
 o - 4 scrolls of blinking
 t - a scroll of recharging
 A - a scroll of fog
 B - 3 scrolls of amnesia
 K - 2 scrolls of identify
 P - a scroll of enchant weapon
Potions
 l - a potion of haste
 m - a potion of ambrosia
 r - 3 potions of brilliance
 C - 2 potions of flight
 F - 2 potions of berserk rage
 J - a potion of agility {unknown}
Books
 s - a book of Conjurations

   Spells                             Type                      Level
   a - Magic Dart                     Conjuration                  1
   b - Searing Ray                    Conjuration                  2
   c - Dazzling Spray                 Conjuration/Hexes            3
   d - Fulminant Prism                Conjuration/Hexes            4
   e - Iskenderun's Mystic Blast      Conjuration                  4
   f - Iskenderun's Battlesphere      Conjuration/Charms           5
   Trog disapproves of the use of such an item.
 E - a book of Maledictions

   Spells                             Type                      Level
   a - Corona                         Hexes                        1
   b - Ensorcelled Hibernation        Hexes/Ice                    2
   c - Confuse                        Hexes                        3
   d - Tukima's Dance                 Hexes                        3
   e - Dazzling Spray                 Conjuration/Hexes            3
   Trog disapproves of the use of such an item.
 M - a book of Ice

   Spells                             Type                      Level
   a - Ice Form                       Ice/Transmutation            4
   b - Metabolic Englaciation         Hexes/Ice                    5
   c - Ozocubu's Refrigeration        Ice                          6
   d - Bolt of Cold                   Conjuration/Ice              6
   e - Freezing Cloud                 Conjuration/Ice/Air          6
   f - Simulacrum                     Ice/Necromancy               6
   Trog disapproves of the use of such an item.
 R - a book of Frost

   Spells                             Type                      Level
   a - Freeze                         Ice                          1
   b - Throw Frost                    Conjuration/Ice              2
   c - Ozocubu's Armour               Charms/Ice                   3
   d - Throw Icicle                   Conjuration/Ice              4
   e - Summon Ice Beast               Ice/Summoning                4
   Trog disapproves of the use of such an item.
Comestibles
 b - 13 bread rations
 d - a chunk of flesh
 i - 5 fruits
 L - 3 meat rations


   Skills:
 + Level 10.0 Fighting
 * Level 12.3 Short Blades
 + Level 8.4 Dodging
 * Level 11.7 Stealth
 - Level 4.6 Shields


You had 11 spell levels left.
You didn't know any spells.

Dungeon Overview and Level Annotations

Branches:
Dungeon (13/15)            Temple (0/1) D:6            Lair (0/8) D:9
    Orc (0/2) D:11
 Vaults: D:13-14

Altars:
Ashenzari
Cheibriados
Fedhas
Makhleb
Okawaru
Pakellas
Qazlal
Ru
Sif Muna
Trog
Xom
Yredelemnul
Zin
The Shining One

Shops:
D:10 %


Innate Abilities, Weirdness & Mutations

You can breathe waves of freezing cold.
You can buffet flying creatures when you breathe cold.
Your icy white scales are hard (AC +8).
Your body does not fit into most forms of armour.
Your flesh is cold resistant.
You are cold-blooded and may be slowed by cold attacks.
You regenerate slowly when monsters are visible.
Your muscles are strong. (Str +2)
Your spells are a little easier to cast, but a little less powerful.


Message History

You hit the centaur but do no damage.
The centaur hits you but does no damage.
The giant frog skeleton misses you. The centaur closely misses you.
The orc hits you but does no damage.
You slash the centaur!
You kill the centaur!
Trog accepts your kill. The giant frog skeleton misses you.
The orc wizard casts a spell.
The orc wizard flickers and vanishes!
Deactivating autopickup; reactivate with Ctrl-A.
The orc misses you.
You slash the centaur zombie! The centaur zombie hits you.
* * * LOW HITPOINT WARNING * * *
The giant frog skeleton hits you.
* * * LOW HITPOINT WARNING * * *
The orc hits you.
* * * LOW HITPOINT WARNING * * *
The centaur zombie hits you!
You die...

...........oo.
.............
............###
..............##
...............
.......o.....##.
......)ZZ.......
.......@o...####
...............##
................#
.....(...........
...#....#........
.. #.##.#........
. #.#.?#........
#..))##......#
#..#...##....##


You could see an orc warrior, 3 orcs, a centaur zombie and a giant frog
skeleton.

Vanquished Creatures
  An orc warlord (Bailey)
  Erolcha (D:11)
  The ghost of namelastname112 the Slicer, a novice DrBe of Trog (D:10)
  Urug (D:11)
  2 hill giants
  A wolf spider zombie (D:13)
  A cyclops (D:11)
  The ghost of Aksel the Stinger, a novice OpVM of Qazlal (D:5)
  A gargoyle (D:12)
  2 kobold demonologists (D:11)
  A komodo dragon (D:12)
  2 trolls
  A two-headed ogre (D:12)
  Sigmund (D:6)
  A spriggan (D:8)
  A hill giant zombie (D:11)
  3 wyverns
  A shadow (D:13)
  4 yaks
  Menkaure (D:6)
  3 hungry ghosts
  A steam dragon (D:9)
  A mottled dragon (D:13)
  A soldier ant (D:12)
  A water moccasin (D:8)
  8 orc warriors
  6 ice beasts
  2 sky beasts
  4 black bears
  A necrophage (D:6)
  5 phantoms
  3 ogres
  3 centaurs
  A crocodile (D:10)
  6 big kobolds
  4 giant frogs
  A gnoll sergeant (D:11)
  A wyvern zombie (D:11)
  3 scorpions
  3 troll zombies (D:11)
  27 killer bees
  A wight (D:10)
  3 howler monkeys
  3 crimson imps
  2 centaur zombies
  A hound (D:6)
  An iron imp (D:6)
  4 jellies
  3 giant frog zombies
  2 giant frog skeletons
  8 orc priests
  16 orc wizards
  3 iguanas
  Jessica (D:3)
  Ijyb (D:3)
  Terence (D:3)
  6 worker ants
  A killer bee zombie (D:5)
  4 ogre zombies (D:11)
  A hound zombie (D:7)
  A hound skeleton (D:8)
  A howler monkey zombie (D:5)
  8 adders
  14 gnolls
  4 shadow imps
  An ooze (D:2)
  2 adder skeletons
  A worm (D:3)
  2 dart slugs
  10 giant geckos
  51 orcs
  A ball python (D:1)
  2 giant cockroaches
  15 goblins
  12 hobgoblins
  20 jackals
  5 quokkas
  6 bats
  A giant gecko skeleton (D:8)
  A giant gecko zombie (D:8)
  5 giant newts
  3 goblin zombies (D:11)
  2 hobgoblin skeletons (D:11)
  3 hobgoblin zombies (D:11)
  29 kobolds
  3 orc skeletons (D:11)
  14 orc zombies (D:11)
  6 rats
398 creatures vanquished.

Vanquished Creatures (others)
  6 kobolds (Bailey)
6 creatures vanquished.

Grand Total: 404 creatures vanquished

Notes
Turn   | Place    | Note
--------------------------------------------------------------
     0 | D:1      | namelastname112 the Draconian Berserker began the quest for the Orb.
     0 | D:1      | Reached XP level 1. HP: 19/19 MP: 1/1
    97 | D:1      | Reached XP level 2. HP: 9/26 MP: 0/2
   321 | D:1      | Reached skill level 1 in Stealth
   701 | D:1      | Reached ** piety under Trog
   830 | D:1      | Reached XP level 3. HP: 27/31 MP: 1/3
  1433 | D:2      | Found a burning altar of Makhleb.
  1465 | D:2      | Reached skill level 1 in Shields
  1981 | D:3      | Reached XP level 4. HP: 24/40 MP: 1/4
  1999 | D:3      | Reached *** piety under Trog
  2243 | D:3      | Noticed Terence
  2244 | D:3      | Noticed Ijyb
  2251 | D:3      | Killed Terence
  2260 | D:3      | Killed Ijyb
  2358 | D:3      | Reached XP level 5. HP: 46/46 MP: 1/5
  2503 | D:3      | Reached skill level 4 in Short Blades
  3010 | D:3      | Noticed Jessica
  3021 | D:3      | Killed Jessica
  3421 | D:4      | Reached XP level 6. HP: 15/52 MP: 2/6
  4085 | D:4      | Found a shattered altar of Ashenzari.
  4523 | D:5      | Entered Level 5 of the Dungeon
  4523 | D:5      | Found a blossoming altar of Fedhas.
  4615 | D:5      | Found an oddly glowing altar of Pakellas.
  4624 | D:5      | Noticed Aksel's ghost (novice OpVM)
  4645 | D:5      | Killed Aksel's ghost
  4645 | D:5      | Reached skill level 5 in Short Blades
  4645 | D:5      | Your scales start taking on an icy white colour.
  4645 | D:5      | Reached XP level 7. HP: 24/60 MP: 2/7
  4645 | D:5      | Gained mutation: Your flesh is cold resistant. [White Draconian growth]
  4691 | D:5      | Found a sacrificial altar of Ru.
  5402 | D:5      | Reached skill level 5 in Fighting
  5606 | D:5      | Reached XP level 8. HP: 33/68 MP: 2/8
  5915 | D:6      | Found a staircase to the Ecumenical Temple.
  5934 | D:6      | Gained mutation: Your spells are a little easier to cast, but a little less powerful. [mutagenic meat]
  6007 | D:6      | Reached skill level 5 in Stealth
  6199 | D:6      | Reached skill level 6 in Short Blades
  6335 | D:6      | Reached **** piety under Trog
  6337 | D:6      | Noticed Sigmund
  6362 | D:6      | Killed Sigmund
  6568 | D:6      | Reached XP level 9. HP: 51/75 MP: 3/9
  6696 | D:6      | Found a shimmering altar of Xom.
  6864 | D:6      | Found a snail-covered altar of Cheibriados.
  6986 | D:6      | HP: 1/112 [orc warrior/dire flail (21)]
  6988 | D:6      | Reached skill level 7 in Short Blades
  6988 | D:6      | Reached skill level 5 in Dodging
  7409 | D:6      | Noticed Menkaure
  7426 | D:6      | Killed Menkaure
  7841 | D:7      | Found a flagged portal.
  7868 | Bailey   | Entered a bailey
  7873 | Bailey   | Noticed an orc warlord
  8084 | Bailey   | Found a runed gate.
  8144 | Bailey   | Found a runed gate.
  8145 | Bailey   | Found a runed gate.
  8202 | Bailey   | Gained mutation: Your muscles are strong. (Str +2) [potion of mutation]
  8202 | Bailey   | Gained mutation: You regenerate slowly when monsters are visible. [potion of mutation]
  8307 | Bailey   | HP: 2/77 [orc warlord/war axe (5)]
  8311 | Bailey   | Killed an orc warlord
  8311 | Bailey   | Reached skill level 8 in Short Blades
  8311 | Bailey   | Reached XP level 10. HP: 3/84 MP: 3/10
  8684 | Bailey   | Identified a scroll of acquirement
  8686 | Bailey   | Reached skill level 10 in Short Blades
  8686 | Bailey   | Reached XP level 11. HP: 89/95 MP: 3/11
  8688 | Bailey   | Got a steaming greatsling
  8689 | Bailey   | Identified the +8 greatsling of Temperance {flame, Int+3 Dex+4} (You acquired it in a bailey)
  9327 | D:7      | Found an iron altar of Okawaru.
  9596 | D:8      | Reached ***** piety under Trog
  9604 | D:8      | Reached skill level 10 in Stealth
  9630 | D:8      | Found a bloodstained altar of Trog.
  9926 | D:8      | Found a glowing silver altar of Zin.
 10021 | D:8      | Found a basalt altar of Yredelemnul.
 10108 | D:8      | Found a stormy altar of Qazlal.
 10195 | D:8      | Found a deep blue altar of Sif Muna.
 11214 | D:9      | Found Fapna's Antique Weapon Shoppe.
 11330 | D:9      | Found a glowing golden altar of the Shining One.
 11354 | D:9      | Found a staircase to the Lair.
 11643 | D:9      | Reached skill level 11 in Short Blades
 11994 | D:9      | Received a gift from Trog
 12046 | D:10     | Entered Level 10 of the Dungeon
 12266 | D:10     | Noticed a hill giant
 12274 | D:10     | Killed a hill giant
 12555 | D:10     | Found Cate's Food Emporium.
 12599 | D:10     | Noticed namelastname112's ghost (novice DrBe)
 12616 | D:10     | Killed namelastname112's ghost
 12818 | D:11     | Noticed Urug
 12827 | D:11     | Killed Urug
 13086 | D:11     | Noticed Erolcha
 13094 | D:11     | Killed Erolcha
 13094 | D:11     | Reached XP level 12. HP: 105/105 MP: 12/12
 13182 | D:11     | Found a staircase to the Orcish Mines.
 14233 | D:12     | Reached skill level 12 in Short Blades
 14692 | D:13     | Reached skill level 10 in Fighting
 14696 | D:13     | Received a gift from Trog
 14712 | D:13     | Got a twisted rapier {god gift}
 14713 | D:13     | Identified the +3 rapier of Mastery {flame, SInv} (Trog gifted it to you on level 13 of the Dungeon)
 14754 | D:13     | HP: 4/106 [orc (5)]
 14754 | D:13     | Mangled by a centaur zombie

Vault maps used:
D:1:      lightli_molten_gateway
D:2:      lemuel_round_altar, first_bread
D:3:      st_stairs_1, uniq_terence, uniq_iyjb, uniq_jessica
D:4:      lemuel_doored_altar, hex_medium
D:5:      nicolae_overflow_crystal_walls, fedhas_altar_3, lemuel_crystal_altar
D:6:      slow_altar_2, lemuel_crystal_altar, minmay_temple_entry_overgrown,
          kennysheep_generic_room_2, uniq_menkaure, uniq_sigmund
D:7:      old_standard_altar, enter_bailey_3
D:8:      nicolae_qazlal_eye_of_the_storm, yredelemnul_altar_generic,
          trog_ov_bears_minmay, zin_scriptorium, kennysheep_mini, the_bakery
D:9:      nicolae_tso_swordbearing_angel, lair_0_dummy, serial_shops, shop,
          kennysheep_doodads
D:10:     serial_shops, shop
D:11:     zombieorc2_lemuel, uniq_erolcha, uniq_urug
D:13:     minmay_four_partial_circles, lab_entry_generic,
          nicolae_trove_entry_free_sample
Bailey:   bailey_axe_bossmonster_kennysheep, bailey

Skill      XL: |  1  2  3  4  5  6  7  8  9 10 11 12 |
---------------+-------------------------------------+-----
Stealth        | 1 2 3 4 6 7 9 11 | 11.7
Shields        | 1 2 3 4 |  4.6
Dodging        | 3 4 5 7 8 |  8.4
Fighting       | 4 5 6 8 9 10 | 10.0
Short Blades   | 4 5 6 8 10 11 12 | 12.3

Action                   |  1- 3 |  4- 6 |  7- 9 | 10-12 || total
-------------------------+-------+-------+-------+-------++-------
Melee: Short sword       |    22 |       |       |       ||    22
       Dagger            |   206 |   300 |   542 |     3 ||  1051
       Unarmed           |       |       |    32 |       ||    32
       Scimitar          |       |       |       |   604 ||   604
Throw: Throwing net      |       |       |     2 |       ||     2
Invok: Berserk           |     1 |     6 |     7 |     7 ||    21
       Trog's Hand       |       |     1 |     2 |     2 ||     5
 Abil: Breathe Frost     |       |       |     2 |       ||     2
Evoke: Wand              |       |       |     1 |     1 ||     2
  Use: Potion            |       |     1 |     4 |     4 ||     9
       Scroll            |       |       |    19 |     9 ||    28
 Stab: Sleeping          |     3 |     1 |     5 |    24 ||    33
       Distracted        |       |       |       |     3 ||     3
  Eat: Chunk             |     4 |     8 |     8 |    20 ||    40
       Beef jerky        |       |     1 |     1 |       ||     2
       Meat ration       |       |     1 |     2 |     3 ||     6
       Fruit             |       |       |     1 |       ||     1
       Pizza             |       |       |       |     1 ||     1
